 Dungeon Crawl Stone Soup version 0.29.1-15-g9cfb28693d (webtiles) character file.

Game seed: 8238681061651122742

106 Hugehornet the Shield-Bearer (level 4, -3/37 HPs)
             Began as a Demigod Fighter on Apr 2, 2023.
             Killed by nerve-wracking pain
             ... invoked by an orc priest
              (14 damage)
             ... on level 3 of the Dungeon.
             The game lasted 00:04:54 (2232 turns).

Hugehornet the Shield-Bearer (Demigod Fighter)      Turns: 2232, Time: 00:04:55

Health: -3/37      AC:  9    Str: 17    XL:     4   Next: 30%
Magic:  8/8        EV:  9    Int: 14    God:
Gold:   112        SH:  4    Dex: 13    Spells: 4/5 levels left

rFire   . . .      SeeInvis .   i - +3 flail
rCold   . . .      Faith    .   c - +0 buckler
rNeg    . . .      Spirit   .   b - +0 scale mail
rPois   +          Reflect  .   (no helmet)
rElec   .          Harm     .   r - +0 cloak
rCorr   .          Rampage  .   (no gloves)
Will    .....                   m - +0 pair of boots
Stlth   ..........              (no amulet)
HPRegen 0.12/turn               p - ring of poison resistance
MPRegen 0.11/turn               (no ring)

@: no status effects
A: high MP 1, forlorn, divine attributes
a: no special abilities


You were on level 3 of the Dungeon.
You visited 1 branch of the dungeon, and saw 3 of its levels.

You collected 112 gold pieces.

Inventory:

Hand Weapons
 a - a +0 war axe
 i - a +3 flail (weapon)
Armour
 b - a +0 scale mail (worn)
 c - a +0 buckler (worn)
 m - a +0 pair of boots (worn)
 r - a +0 cloak (worn)
Jewellery
 p - a ring of poison resistance (left hand)
Scrolls
 f - a scroll of magic mapping {unknown}
 g - 4 scrolls of amnesia {unknown}
 j - 4 scrolls of teleportation {unknown}
 n - a scroll of vulnerability {unknown}
 o - a scroll of identify {unknown}
 q - a scroll of blinking {unknown}
Potions
 d - a potion of might
 e - 2 potions of magic {unknown}
 h - a potion of cancellation {unknown}
 k - a potion of lignification {unknown}
 l - 2 potions of haste {unknown}


   Skills:
 - Level 2.8 Fighting
 - Level 2.1 Axes
 - Level 2.8 Armour
 - Level 2.9 Shields
 + Level 1.4 Spellcasting
 * Level 2.6 Conjurations


You had 4 spell levels left.
You knew the following spells:

 Your Spells              Type           Power      Damage    Failure   Level
a - Magic Dart            Conj           32%        1d4       36%         1

Your spell library contained the following spells:

 Spells                   Type           Power      Damage    Failure   Level
 Searing Ray              Conj           16%        2d5       50%         2
 Fulminant Prism          Conj/Hex       2%         3d6       100%        4


Dungeon Overview and Level Annotations

Branches:
Dungeon (3/15)

Shops:
D:2 (


Innate Abilities, Weirdness & Mutations

You have an increased reservoir of magic. (+10% MP)
You shall have no god before yourself.
Your divine heritage dramatically boosts your attributes as you level up.


Message History

You are too injured to fight recklessly!
You are too injured to fight recklessly!
You are too injured to fight recklessly!
You are too injured to fight recklessly!
You are too injured to fight recklessly!
You are too injured to fight recklessly!
You hit the orc.
The orc is almost dead.
The orc priest looks encouraged for a moment.
The orc misses you. The orc hits you but does no damage.
You closely miss the orc.
The orc is almost dead.
The orc barely misses you.
You barely miss the orc.
The orc is almost dead.
The orc hits you but does no damage.
You hit the orc.
The orc is almost dead.
The orc barely misses you. The orc hits you but does no damage.
Okay, then.
You hit the orc.
You kill the orc!
You sock the orc!
You kill the orc!
The orc priest hits you but does no damage.
You closely miss the orc priest.
The orc priest hits you with a +0 flail!
You hit the orc priest.
The orc priest is lightly wounded.
The orc priest hits you with a +0 flail.
* * * LOW HITPOINT WARNING * * *
You sock the orc priest!
The orc priest is heavily wounded.
The orc priest closely misses you.
The orc priest hits you but does no damage.
You barely miss the orc priest.
The orc priest is heavily wounded.
The orc priest invokes the aid of Beogh against you.
Pain shoots through your body!
You die...

##'## .# #.# .# #.#
.# ##.## ##...##
###.....#
.......#.#
######...##########
#.....@o......
#.############ #.#
#.# #.


You could see an orc priest.

Vanquished Creatures
  Crazy Yiuf (D:2)
  2 adders (D:2)
  3 orcs (D:3)
  3 bats
  5 endoplasms
  A giant cockroach (D:2)
  5 hobgoblins
  9 jackals
  2 quokkas (D:1)
  5 ball pythons
  4 frilled lizards
  6 goblins
  4 rats (D:1)
50 creatures vanquished.

Vanquished Creatures (others)
  6 plants
6 creatures vanquished.

Grand Total: 56 creatures vanquished

Notes
Turn   | Place    | Note
-------+----------+-------------------------------------------
     0 | D:1      | Hugehornet the Demigod Fighter began the quest for the Orb.
     0 | D:1      | Reached XP level 1. HP: 18/18 MP: 3/3
   217 | D:1      | Reached XP level 2. HP: 25/25 MP: 4/4
   241 | D:1      | Learned a level 1 spell: Magic Dart
   726 | D:1      | Reached skill level 1 in Conjurations
  1028 | D:2      | Reached XP level 3. HP: 30/30 MP: 4/6
  1115 | D:2      | Reached skill level 1 in Spellcasting
  1260 | D:2      | Found Quisuol's Antique Weapon Shoppe.
  1375 | D:2      | Found a runed translucent door.
  1376 | D:2      | Noticed Crazy Yiuf
  1949 | D:2      | Killed Crazy Yiuf
  1950 | D:2      | Reached XP level 4. HP: 15/37 MP: 8/8
  2232 | D:3      | Killed from afar by an orc priest

Illustrated notes

Levels and vault maps discovered:
D:1:      lightli_arrival_isolated_outpost, layout_basic,
          hellmonk_ecumenical_altar_run_dry, serial_bayou_lagoon_b
D:2:      layout_rooms, serial_shops, shop, minmay_strange_pillars,
          chequers_serial_rivers_small_b, chequers_big_river,
          uniq_crazy_yiuf_cottage
D:3:      layout_loops_corners, minmay_starry_boxes, uniq_robin

Skill      XL: |  1  2  3 |
---------------+----------+-----
Axes           | 2 |  2.1
Conjurations   | 1 2 |  2.6
Spellcasting   | 1 |  1.4
Fighting       | |  2.8
Armour         | |  2.8
Shields        | |  2.9

Action                   |  1- 3 |  4- 6 || total
-------------------------+-------+-------++-------
Melee: War axe           |    71 |       ||    71
       Flail             |    55 |    17 ||    72
Armor: Scale mail        |    77 |    10 ||    87
Dodge: Dodged            |    72 |     5 ||    77
Block: Buckler           |    30 |       ||    30
